 Dungeon Crawl Stone Soup version 0.31-a0-331-geda263fcf1 (webtiles) character file.

Game seed: 1844662894420960698

169 Moby the Grave Robber (level 5, 21/21 HPs)
             Began as a Felid Necromancer on July 12, 2023.
             Quit the game on level 5 of the Dungeon on July 19, 2023.
             The game lasted 00:17:47 (5253 turns).

Moby the Grave Robber (Felid Necromancer)           Turns: 5253, Time: 00:17:48

Health: 21/21      AC:  2    Str:  4    XL:     5   Next: 25%
Magic:  11/11      EV: 22    Int: 20    God:
Gold:   204        SH:  0    Dex: 12    Spells: 5/11 levels left
                                        Lives:  0   Deaths: 1

rFire   . . .        (weapon unavailable)
rCold   . . .        (shield unavailable)
rNeg    . . .        (body armour unavailable)
rPois   .            (helmet unavailable)
rElec   .            (cloak unavailable)
rCorr   .            (gloves unavailable)
SInv    +            (boots unavailable)
Will    +....        (no amulet)
Stlth   ++           k - ring "Ucacinki" {Will+ EV+5 Int+2 Dex-5 SInv}
HPRegen 0.23/turn    (no ring)
MPRegen 0.12/turn

%: no passive effects
@: quick
A: very small, claws 1, fangs 3, see invisible, speed 1, shaggy fur 2, stealthy
paws, no weapons or thrown items, no armour, multi-lived
a: no special abilities


You were on level 5 of the Dungeon.
You visited 1 branch of the dungeon, and saw 5 of its levels.

You collected 204 gold pieces.

Inventory:

Jewellery
 k - the ring "Ucacinki" (left paw) {Will+ EV+5 Int+2 Dex-5 SInv}
   (You found it on level 3 of the Dungeon)

   [ring of evasion]

   EV:        It affects your evasion (+5).
   Int:       It affects your intelligence (+2).
   Dex:       It affects your dexterity (-5).
   SInv:      It lets you see invisible.
   Will:      It increases your willpower.
Talismans
 h - a beast talisman
Scrolls
 d - a scroll of poison {unknown}
 e - 3 scrolls of identify {unknown}
 i - 3 scrolls of fog {unknown}
 j - a scroll of immolation {unknown}
 m - 2 scrolls of blinking {unknown}
 o - 2 scrolls of vulnerability {unknown}
 q - a scroll of teleportation {unknown}
 r - a scroll of fear {unknown}
Potions
 a - a potion of magic
 b - 3 potions of attraction {unknown}
 c - 2 potions of curing {unknown}
 f - 2 potions of might {unknown}
 g - a potion of mutation {unknown}
 l - a potion of enlightenment {unknown}
 n - 2 potions of heal wounds {unknown}
 p - a potion of brilliance {unknown}
 s - a potion of berserk rage {unknown}


   Skills:
 - Level 4.0 Dodging
 - Level 3.0 Stealth
 * Level 3.6 Spellcasting
 * Level 0.1 Conjurations
 + Level 6.3 Necromancy


You had 5 spell levels left.
You knew the following spells:

 Your Spells              Type           Power      Damage    Failure   Level
a - Necrotise             Necr           100%       1d9       1%          1
b - Animate Dead          Necr           28%        N/A       10%         4
c - Foxfire               Conj/Fire      12%        2x1d4     13%         1

Your spell library contained the following spells:

 Spells                   Type           Power      Damage    Failure   Level
 Vampiric Draining        Necr           28%        2d8       3%          3
 Summon Small Mammal      Summ           12%        N/A       14%         1
 Agony                    Necr           28%        N/A       28%         5
 Call Canine Familiar     Summ           3%         N/A       38%         3
 Summon Guardian Golem    Hex/Summ       3%         N/A       38%         3
 Plasma Beam              Fire/Air       1%         2x1d11    100%        6
 Starburst                Conj/Fire      1%         6d3       100%        6


Dungeon Overview and Level Annotations

Branches:
Dungeon (5/15)
 Temple: D:4-7

Altars:
Kikubaaqudgha
Qazlal
Trog
Wu Jian

Shops:
D:1 :


Innate Abilities, Weirdness & Mutations

You have sharp claws.
You have razor-sharp teeth.
You have supernaturally acute eyesight. (SInv)
You cover ground quickly. (Speed+)
You are covered in thick fur. (AC +2)
Your paws help you pounce on unaware monsters.
You are incapable of wielding weapons or throwing items.
You cannot wear armour.
You gain extra lives every three experience levels.


Message History

You closely miss the phantom.
The phantom is severely damaged.
The phantom closely misses you.
You scratch the phantom but do no damage.
The phantom is severely damaged.
The phantom hits you.
You closely miss the phantom. Your claw misses the phantom.
The phantom is severely damaged.
The phantom hits you.
You scratch the phantom.
The phantom is almost destroyed.
The phantom closely misses you.
You scratch the phantom.
The phantom is almost destroyed.
The phantom barely misses you.
You closely miss the phantom.
The phantom is almost destroyed.
The phantom completely misses you.
You scratch the phantom but do no damage.
The phantom is almost destroyed.
The phantom hits you but does no damage.
You barely miss the phantom.
The phantom is almost destroyed.
The phantom hits you.
* * * LOW HITPOINT WARNING * * *
You closely miss the phantom.
The phantom is almost destroyed.
The phantom misses you.
You scratch the phantom.
The phantom is almost destroyed.
The phantom hits you!
You die...
The phantom blinks!
You blink.
You are now level 5!
You rejoin the land of the living...
Found 2 boomerangs.
Found an escape hatch in the ceiling.
Saving game... please wait.
Welcome back, Moby the Felid Necromancer.
Press ? for a list of commands and other information.
Are you sure you want to abandon this character and quit the game? (Confirm with "yes".)

..#######
........# .
........# ..
........# ...
........#
....
...(....##...
....<.....#
.......@..#
..........#
..#####...#
#...# #...#
.#### . .


There were no monsters in sight!

Vanquished Creatures
  A scorpion (D:5)
  2 hounds
  2 iguanas (D:4)
  Robin (D:3)
  5 adders
  2 worms
  2 dart slugs
  6 ball pythons
  7 endoplasms
  2 giant cockroaches
  15 goblins
  8 hobgoblins
  4 jackals (D:2)
  8 kobolds
  2 quokkas
  3 bats
  5 frilled lizards
  5 rats
80 creatures vanquished.

Vanquished Creatures (collateral kills)
  An adder (D:2)
  An endoplasm (D:2)
  A frilled lizard (D:3)
  A rat (D:2)
4 creatures vanquished.

Vanquished Creatures (others)
  5 foxfires (D:5)
5 creatures vanquished.

Grand Total: 89 creatures vanquished

Notes
Turn   | Place    | Note
-------+----------+-------------------------------------------
     0 | D:1      | Moby the Felid Necromancer began the quest for the Orb.
     0 | D:1      | Reached XP level 1. HP: 7/7 MP: 4/4
   329 | D:1      | Reached XP level 2. HP: 6/11 MP: 1/6
   674 | D:1      | Found Etasisk's Book Emporium.
  1248 | D:2      | Reached XP level 3. HP: 14/14 MP: 4/7
  1387 | D:2      | Upgraded the game from 0.31-a0-246-g8cbcc1cb85 to
                  | 0.31-a0-325-g067879e3d3
  1992 | D:2      | Reached XP level 4. HP: 15/18 MP: 0/8
  2615 | D:3      | Found an ornate altar of the Wu Jian Council.
  2702 | D:3      | Found a stormy altar of Qazlal.
  2710 | D:3      | Identified the ring "Ucacinki" {Will+ EV+5 Int+2 Dex-5
                  | SInv}
  2981 | D:3      | Noticed Robin
  2995 | D:3      | Reached skill level 5 in Necromancy
  3081 | D:3      | Learned a level 4 spell: Animate Dead
  3096 | D:3      | Killed Robin
  3584 | D:4      | Found a bloodstained altar of Trog.
  3904 | D:4      | Found an ancient bone altar of Kikubaaqudgha.
  3915 | D:4      | Reached XP level 5. HP: 21/21 MP: 5/10
  4553 | D:4      | Upgraded the game from 0.31-a0-325-g067879e3d3 to
                  | 0.31-a0-331-geda263fcf1
  4919 | D:5      | Entered Level 5 of the Dungeon
  4923 | D:5      | Reached skill level 6 in Necromancy
  4923 | D:5      | Gained mutation: You are covered in thick fur. (AC +2)
                  | [Felid growth]
  4923 | D:5      | Reached XP level 6. HP: 17/24 MP: 7/12
  5069 | D:4      | Learned a level 1 spell: Foxfire
  5252 | D:5      | Slain by a phantom
  5253 | D:5      | Reached XP level 5. HP: -3/21 MP: 11/11
  5253 | D:5      | Quit the game

Illustrated notes

Levels and vault maps discovered:
D:1:      lemuel_arrival_broad_hall, layout_loops_ring, serial_shops, shop
D:2:      minmay_skewed_foursquare, layout_basic, kennysheep_potato
D:3:      layout_loops_corners, mainiacjoe_overflow_catwalk,
          nicolae_overflow_crystal_walls, chequers_jeans,
          minmay_misc_feat_encased, uniq_robin
D:4:      layout_layer_cave, mainiacjoe_overflow_brackets,
          mainiacjoe_overflow_alcove_1
D:5:      layout_basic, minmay_liquid_box

Skill      XL: |  1  2  3  4  5 |
---------------+----------------+-----
Stealth        | 3 |  3.0
Dodging        | 3 4 |  4.0
Necromancy     | 5 6 |  6.3
Spellcasting   | 3 |  3.6
Conjurations   | |  0.1

Action                     |  1- 3 |  4- 6 || total
---------------------------+-------+-------++-------
  Melee: Unarmed           |     3 |    29 ||    32
         Bite              |     1 |     4 ||     5
   Cast: Necrotise         |    95 |   104 ||   199
         Foxfire           |       |     4 ||     4
 Armour: Skin              |       |     2 ||     2
  Dodge: Dodged            |    13 |    43 ||    56

Table legend: (Time is in decaauts)
 A = Elapsed time spent in this place.
 B = Non-inter-level travel time spent in this place.
 C = Inter-level travel time spent in this place.
 D = Time resting spent in this place.
 E = Time spent auto-exploring this place.
 F = Levels seen in this place.
 G = Mean time per level.
                   A        B        C        D        E       F      G
               +--------+--------+--------+--------+--------+-----+--------+
         Total |   4596 |   4457 |    139 |   1357 |   2437 |   5 |  919.2 |
       Dungeon |   4596 |   4457 |    139 |   1357 |   2437 |   5 |  919.2 |
               +--------+--------+--------+--------+--------+-----+--------+

Top non-repeatable levels by time:
     D:4: 1207 daAuts
     D:3: 1166 daAuts
     D:2: 1069 daAuts
     D:1: 885 daAuts
     D:5: 267 daAuts
